 Dungeon Crawl Stone Soup version 0.27-a0-972-gd1521fd518 (webtiles) character file.

Game seed: 13547104731617661986

728 Lanoc the Slasher (level 7, -2/66 HPs)
             Began as a Naga Fighter on Apr 13, 2021.
             Was an Initiate of Nemelex Xobeh.
             Slain by a polar bear (3 damage)
             ... created by the rage of Trog
             ... on level 5 of the Dungeon.
             The game lasted 00:08:00 (6129 turns).

Lanoc the Slasher (Naga Fighter)                    Turns: 6129, Time: 00:08:00

Health: -2/66      AC:  5    Str: 18    XL:     7   Next: 72%
Magic:  7/7        EV:  6    Int:  8    God:    Nemelex Xobeh [......]
Gold:   227        SH:  9    Dex: 13    Spells: 6/6 levels left

rFire    . . .     SeeInvis +   a - +0 long sword
rCold    . . .     Faith    .   c - +0 kite shield
rNeg     . . .     Spirit   .   b - +0 scale mail
rPois    +         Reflect  .   (no helmet)
rElec    .         Harm     .   (no cloak)
rCorr    .         Rampage  .   (no gloves)
Will     .....                  (no barding)
Stlth    ..........             (no amulet)
HPRegen  0.21/turn              g - ring of flight
MPRegen  0.10/turn              i - ring of wizardry

@: about to teleport, short of breath, flying, very slow
A: AC +2, large, see invisible, deformed body, poison resistance, slowness 2,
spit poison 2, naga tail 1, MP-powered wands
a: Breathe Poison Gas, Breathe Poison Gas, Renounce Religion, Draw Escape, Draw
Destruction, Draw Summoning


You were on level 5 of the Dungeon.
You worshipped Nemelex Xobeh.
Nemelex Xobeh was noncommittal.
You visited 2 branches of the dungeon, and saw 6 of its levels.
You also visited: Ossuary.

You collected 227 gold pieces.

Inventory:

Hand Weapons
 a - a +0 long sword (weapon)
Armour
 b - a +0 scale mail (worn)
 c - a +0 kite shield (worn)
Jewellery
 g - a ring of flight (left hand)
 i - a ring of wizardry (right hand)
Wands
 q - a wand of flame (17)
Scrolls
 e - a scroll of identify
 f - 7 scrolls of teleportation
 n - 2 scrolls of enchant armour
 o - a scroll of vulnerability
 p - a scroll of amnesia
Potions
 d - 3 potions of might
 h - 3 potions of heal wounds
 j - 2 potions of brilliance
 k - a potion of mutation
 l - a potion of attraction
 m - 3 potions of curing


   Skills:
 + Level 4.6 Fighting
 * Level 5.5 Long Blades
 - Level 2.4 Armour
 + Level 2.7 Dodging
 + Level 3.8 Shields
 * Level 1.0 Invocations


You had 6 spell levels left.
You didn't know any spells.
Your spell library was empty.

Dungeon Overview and Level Annotations

Branches:
Dungeon (5/15)             Temple (1/1) D:5         Ossuary (visited)

Altars:
Ashenzari
Cheibriados
Dithmenos
Elyvilon
Fedhas
Gozag
Hepliaklqana
Kikubaaqudgha
Makhleb
Nemelex Xobeh
Qazlal
Ru
Trog
Uskayaw
Vehumet
Wu Jian
Xom
Yredelemnul
Zin
The Shining One


Innate Abilities, Weirdness & Mutations

Your serpentine skin is tough. (AC +2)
You have supernaturally acute eyesight. (SInv)
Armour fits poorly on your strangely shaped body.
Your system is resistant to poisons. (rPois)
You cover ground very slowly.
You can exhale a cloud of poison.
You have a snake-like lower body.
You expend magic power (3 MP) to strengthen your wands.


Message History

You are too injured to fight recklessly!
You hit the ice beast.
The ice beast is severely wounded.
The ice beast hits you but does no damage.
You slash the ice beast!
You kill the ice beast!
Your Invocations skill increases to level 1!
You have got your breath back.
Trog sends monsters to punish you. 2 polar bears and 2 black bears come into view.
You don't have any unidentified items.
As you read the scroll of teleportation, it crumbles to dust.
You feel strangely unstable.
Press: ? - help, Shift-Dir - straight line, f - polar bear
Aim: a polar bear (durably summoned, berserk)
You exhale a blast of poison gas.
The poison gas hits the polar bear but does no damage.
The polar bear closely misses you.
You riposte.
You closely miss the polar bear. The polar bear barely misses you.
The polar bear claws you but does no damage.
The polar bear is engulfed in poison gas.
The polar bear is poisoned.
The polar bear bites you but does no damage.
The polar bear claws you. The polar bear closely misses you.
You hit the polar bear but do no damage.
The polar bear is lightly wounded.
The black bear bites you!
The black bear claws you but does no damage.
You block the black bear's attack. The polar bear bites you!!
* * * LOW HITPOINT WARNING * * *
The polar bear claws you.
* * * LOW HITPOINT WARNING * * *
You block the polar bear's attack.
The polar bear is engulfed in poison gas.
The polar bear looks even sicker.
The polar bear barely misses you.
You riposte.
You hit the polar bear.
The polar bear is lightly wounded.
The polar bear claws you.
You die...
Your body disappears without a glow.

#.....#
#####.# #.#
#.# #.# #.#
#.# ## #.#
##h#
#.#####@#
#....#h#h#
####.#.##h.
#.##.####
#.###.##
#.####.##
#.#..##.#
#.# #.#.#
#.####.##


You could see 2 polar bears and 2 black bears.

Vanquished Creatures
  An ice beast (D:5)
  An ogre (D:4)
  A phantom (D:4)
  2 scorpions
  A hound (D:5)
  An orc priest (D:3)
  Jessica (D:3)
  An iguana (D:4)
  A mummy (Ossuary)
  4 gnolls (D:3)
  7 adders
  A white imp (D:5)
  An ufetubus (D:5)
  A worm (D:2)
  A dart slug (D:4)
  9 orcs
  3 spectral bats (Ossuary)
  A bat (D:2)
  7 endoplasms
  3 giant cockroaches
  12 goblins
  5 hobgoblins
  4 quokkas
  6 ball pythons
  A bat simulacrum (Ossuary)
  6 frilled lizards
  12 gnoll zombies (Ossuary)
  A goblin simulacrum (Ossuary)
  3 goblin zombies (Ossuary)
  7 hobgoblin zombies (Ossuary)
  8 kobolds
  3 kobold simulacra (Ossuary)
  4 kobold zombies (Ossuary)
  4 orc zombies (Ossuary)
  7 rats
  2 rat simulacra (Ossuary)
  A spectral goblin (Ossuary)
  5 spectral kobolds (Ossuary)
  3 spectral rats (Ossuary)
142 creatures vanquished.

Vanquished Creatures (others)
  10 plants (D:3)
10 creatures vanquished.

Grand Total: 152 creatures vanquished

Notes
Turn   | Place    | Note
-------+----------+-------------------------------------------
     0 | D:1      | Lanoc the Naga Fighter began the quest for the Orb.
     0 | D:1      | Reached XP level 1. HP: 21/21 MP: 1/1
   242 | D:1      | Reached XP level 2. HP: 28/28 MP: 2/2
   313 | D:1      | Found a faded altar of an unknown god.
   321 | D:1      | Became a worshipper of Trog the Wrathful
   321 | D:1      | Reached * piety under Trog
   717 | D:1      | Reached XP level 3. HP: 29/34 MP: 3/3
  1464 | D:2      | Reached ** piety under Trog
  1532 | D:2      | Noticed a scorpion
  1544 | D:2      | Killed a scorpion
  1545 | D:2      | Reached skill level 3 in Long Blades
  1545 | D:2      | Reached skill level 1 in Dodging
  1545 | D:2      | Reached XP level 4. HP: 13/42 MP: 4/4
  2150 | D:3      | Noticed Jessica
  2173 | D:3      | Reached XP level 5. HP: 49/49 MP: 5/5
  2182 | D:3      | Killed Jessica
  2519 | D:3      | Reached skill level 4 in Long Blades
  2526 | D:3      | Reached XP level 6. HP: 16/57 MP: 6/6
  3490 | D:3      | Found a glowing golden altar of the Shining One.
  4057 | D:4      | Reached XP level 7. HP: 64/64 MP: 7/7
  4225 | D:4      | Reached *** piety under Trog
  4324 | D:4      | Reached skill level 5 in Long Blades
  5081 | D:5      | Entered Level 5 of the Dungeon
  5087 | D:5      | Gained mutation: You expend magic power (3 MP) to
                  | strengthen your wands. [potion of mutation]
  5087 | D:5      | Gained mutation: You can exhale a cloud of poison. [potion
                  | of mutation]
  5100 | D:5      | Found a sand-covered staircase.
  5107 | Ossuary  | Entered an ossuary
  5400 | Ossuary  | Reached **** piety under Trog
  5634 | D:5      | Found a staircase to the Ecumenical Temple.
  5654 | Temple   | Entered the Ecumenical Temple
  5930 | Temple   | Fell from the grace of Trog
  5930 | Temple   | Became a worshipper of Nemelex Xobeh the Trickster
  6039 | D:5      | Found a white marble altar of Elyvilon.
  6055 | D:5      | Reached skill level 1 in Invocations
  6127 | D:5      | Noticed a polar bear
  6127 | D:5      | Noticed a polar bear
  6129 | D:5      | HP: 1/66 [polar bear[the rage of Trog] (3)]
  6129 | D:5      | Slain by a polar bear

Illustrated notes

Levels and vault maps discovered:
D:1:      dpeg_arrival_arbitrary_a, layout_rooms,
          shapermc_ecumenical_altar_totnotflames, st_stairs_14
D:2:      layout_basic, serial_bayou_pond_d, serial_bayou_pond_b
D:3:      layout_basic, lemuel_coloured_pillars_altar, guppyfry_early_lair_pool,
          uniq_jessica
D:4:      layout_cave_pods, minmay_misc_feat_five
D:5:      old_forge, layout_loops_ring, okawaru_ov_weapons_minmay,
          marbit_many_paths, minmay_temple_entry_statues_pillars, serial_shops,
          shop_statue, nicolae_shop_behind_doors,
          lightli_ossuary_entry_decrepit_ruins
Temple:   eino_narrow_crystal_temple

Skill      XL: |  1  2  3  4  5  6  7 |
---------------+----------------------+-----
Long Blades    | 3 4 5 |  5.5
Dodging        | 1 2 |  2.7
Shields        | 3 |  3.8
Fighting       | 4 |  4.6
Invocations    | 1 |  1.0
Armour         | |  2.4

Action                   |  1- 3 |  4- 6 |  7- 9 || total
-------------------------+-------+-------+-------++-------
Melee: Long sword        |    89 |   147 |   174 ||   410
Invok: Berserk           |     1 |     5 |     5 ||    11
 Abil: Spit Poison       |    17 |    20 |     7 ||    44
       Breathe Poison Ga |       |       |     5 ||     5
  Use: Potion            |       |     1 |     1 ||     2
       Scroll            |       |       |    10 ||    10
Armor: Scale mail        |    33 |    60 |    93 ||   186
       Skin              |       |    15 |       ||    15
Dodge: Dodged            |    26 |    31 |    54 ||   111
Block: Kite shield       |    44 |    90 |    96 ||   230
       Rpst.: Long sword |     8 |     8 |    22 ||    38

Table legend: (Time is in decaauts)
 A = Elapsed time spent in this place.
 B = Non-inter-level travel time spent in this place.
 C = Inter-level travel time spent in this place.
 D = Time resting spent in this place.
 E = Time spent auto-exploring this place.
 F = Levels seen in this place.
 G = Mean time per level.
                   A        B        C        D        E       F      G
               +--------+--------+--------+--------+--------+-----+--------+
         Total |   7625 |   7394 |    231 |     21 |   6297 |   7 | 1089.3 |
       Dungeon |   6648 |   6437 |    211 |      0 |   5635 |   5 | 1329.6 |
        Temple |    385 |    366 |     19 |      0 |    305 |   1 |  385.0 |
       Ossuary |    592 |    592 |      0 |     21 |    356 |   1 |  592.0 |
               +--------+--------+--------+--------+--------+-----+--------+

Top non-repeatable levels by time:
     D:3: 1868 daAuts
     D:4: 1774 daAuts
     D:2: 1314 daAuts
     D:1: 1308 daAuts
 Ossuary: 592 daAuts
  Temple: 385 daAuts
     D:5: 381 daAuts
